 Dungeon Crawl Stone Soup version 0.29.1-15-g9cfb28693d (webtiles) character file.

Game seed: 9918611260950590492

8070 croobank the Nimble (level 11, -19/82 HPs)
             Began as a Gnoll Conjurer on Apr 27, 2023.
             Was an Initiate of Gozag.
             Shot with an arrow by a centaur warrior (23 damage)
             ... on level 8 of the Dungeon.
             The game lasted 00:40:15 (12807 turns).

croobank the Nimble (Gnoll Conjurer)               Turns: 12807, Time: 00:40:16

Health: -19/82     AC:  3    Str: 11    XL:     11   Next: 25%
Magic:  9/23       EV: 18    Int: 22    God:    Gozag
Gold:   1381       SH:  6    Dex: 18    Spells: 8/26 levels left

rFire   . . .      SeeInvis .   h - +2 short sword (venom)
rCold   + . .      Faith    .   E - +0 buckler
rNeg    + . .      Spirit   .   v - +1 robe of Jotzasiu {Rampage rN+ Str+4 Dex+2}
rPois   .          Reflect  .   (no helmet)
rElec   .          Harm     .   (no cloak)
rCorr   .          Rampage  +   (no gloves)
Will    .....                   (no boots)
Stlth   ++++......              (no amulet)
HPRegen 0.23/turn               s - +6 ring of dexterity
MPRegen 0.18/turn               u - ring of protection from cold

@: gold aura, studying Dodging
A: fangs 1, strong nose, distributed training
a: Renounce Religion, Potion Petition, Call Merchant, Bribe Branch


You were on level 8 of the Dungeon.
You worshipped Gozag.
Gozag was most pleased with you.
You visited 2 branches of the dungeon, and saw 10 of its levels.

You collected 1407 gold pieces.
You paid 26 gold pieces to Gozag.

Inventory:

Hand Weapons
 a - a +3 dagger of protection
 b - the +5 sling of the Fifty Hosts {speed, rF- Str+4}
   (You found it on level 9 of the Dungeon)

   Attacks with this weapon are significantly faster.
   Str:       It affects your strength (+4).
   rF:        It makes you vulnerable to fire.
 f - a +0 short sword
 h - a +2 short sword of venom (weapon)
 p - a +0 flail
 x - a +1 war axe
 H - a +0 morningstar
Missiles
 c - 2 silver javelins (quivered)
 w - 6 javelins
 C - 3 datura-tipped darts
 K - a curare-tipped dart
Armour
 i - a +0 ring mail
 v - the +1 robe of Jotzasiu (worn) {Rampage rN+ Str+4 Dex+2}
   (You found it on level 4 of the Dungeon)

   Str:       It affects your strength (+4).
   Dex:       It affects your dexterity (+2).
   rN:        It protects you from negative energy.
   Rampage:   It bestows one free step when moving towards enemies.
 E - a +0 buckler (worn)
 G - a +1 leather armour of positive energy
Jewellery
 j - a ring of fire
 s - a +6 ring of dexterity (left hand)
 u - a ring of protection from cold (right hand)
Wands
 o - a wand of mindburst (4)
 t - a wand of flame (10)
 F - a wand of quicksilver (28)
Scrolls
 n - 6 scrolls of teleportation
 q - a scroll of blinking
 y - a scroll of magic mapping
 A - a scroll of amnesia
 B - a scroll of vulnerability
 D - 2 scrolls of poison
 N - a scroll of fog
 P - 3 scrolls of identify
Potions
 d - 2 potions of haste
 e - a potion of invisibility
 g - a potion of resistance
 k - a potion of flight
 l - a potion of magic
 m - a potion of mutation
 r - 4 potions of brilliance
 z - a potion of curing
 L - a potion of lignification
 M - 2 potions of cancellation


   Skills:
 + Level 6.3 Fighting
 + Level 6.3 Short Blades
 + Level 6.3 Long Blades
 + Level 6.3 Axes
 + Level 6.3 Maces & Flails
 + Level 6.3 Polearms
 + Level 6.3 Staves
 + Level 6.3 Ranged Weapons
 + Level 6.3 Throwing
 + Level 6.3 Armour
 + Level 10.1 Dodging
 + Level 7.7 Stealth
 + Level 6.3 Shields
 + Level 6.3 Unarmed Combat
 + Level 8.2 Spellcasting
 + Level 9.0 Conjurations
 + Level 5.2 Hexes
 + Level 5.2 Summonings
 + Level 5.2 Necromancy
 + Level 5.2 Translocations
 + Level 5.2 Transmutations
 + Level 5.2 Fire Magic
 + Level 5.2 Ice Magic
 + Level 5.2 Air Magic
 + Level 5.2 Earth Magic
 + Level 5.2 Poison Magic
 + Level 7.0 Invocations
 + Level 6.3 Evocations


You had 8 spell levels left.
You knew the following spells:

 Your Spells              Type           Power      Damage    Failure   Level
a - Magic Dart            Conj           100%       1d8       1%          1
b - Searing Ray           Conj           96%        2d7       1%          2
c - Dazzling Flash        Conj/Hex       80%        N/A       1%          3
d - Foxfire               Conj/Fire      100%       2x1d9     1%          1
e - Mephitic Cloud        Conj/Pois/Air  37%        N/A       1%          3
f - Iskenderun's Mystic   Conj/Tloc      40%        2d9       4%          4
g - Flame Wave            Conj/Fire      40%        2d11      4%          4

Your spell library contained the following spells:

 Spells                   Type           Power      Damage    Failure   Level
 Call Imp                 Summ           32%        N/A       1%          2
 Ensorcelled Hibernation  Hex/Ice        64%        N/A       1%          2
 Passwall                 Tmut/Erth      26%        N/A       1%          2
 Scorch                   Fire           64%        2d8       1%          2
 Conjure Flame            Conj/Fire      40%        6-21      1%          3
 Call Canine Familiar     Summ           32%        N/A       3%          3
 Inner Flame              Hex/Fire       32%        N/A       3%          3
 Portal Projectile        Hex/Tloc       64%        N/A       3%          3
 Swiftness                Air            32%        N/A       3%          3
 Fulminant Prism          Conj/Hex       20%        3d13      4%          4
 Anguish                  Hex/Necr       16%        N/A       11%         4
 Leda's Liquefaction      Hex/Erth       16%        N/A       11%         4
 Summon Cactus Giant      Summ           16%        N/A       86%         6
 Enfeeble                 Hex            16%        N/A       100%        7


Dungeon Overview and Level Annotations

Branches:
Dungeon (9/15)             Temple (0/1) D:6            Lair (1/5) D:9
    Orc (0/2) D:9

Altars:
Dithmenos
Gozag
Hepliaklqana
Makhleb
Okawaru
Qazlal
Ru
Xom

Annotations:
D:6 1 runed translucent door, Smoke131's ghost, novice OgGl


Innate Abilities, Weirdness & Mutations

You have very sharp teeth.
Your uncanny sense of smell can sniff out nearby items.
Your experience applies equally to all skills.


Message History

Okay, then.
Okay, then.
Throw: throwing net
Press: ? - help, Q - select action, (/) - cycle Shift-Dir - straight line, f - centaur warrior
Aim: a centaur warrior, wielding a +0 shortbow (flame, almost dead, inner flame, 73% to hit)
You throw a throwing net.
The throwing net hits the centaur warrior.
The centaur warrior is caught in the net!
The centaur warrior is almost dead.
The centaur warrior is engulfed in blazing flames.
The centaur warrior explodes!
You hear a shout!
Your Dodging skill increases to level 10!
Your Conjurations skill increases to level 9!
Your Invocations skill increases to level 7!
You start resting.
An orc comes into view. It is wielding a +1 vorpal flail.
An orc comes into view. It is wielding a +0 dagger.
A centaur warrior comes into view.
The centaur warrior wields a +0 longbow.
The centaur warrior shoots an arrow.
The arrow closely misses you. What are your orders? t - Bark!
Orders for allies: a - Attack new target. r - Retreat! s - Stop attacking. g - Guard the area. f - Follow me.
Anything else - Cancel.
Gang up on whom?
Press: ? - help, Dir - move target, f - orc
Aim: an orc, wielding a +1 vorpal flail and wearing a +0 scale mail
Okay, then.
Unknown command.
Blink to where?
Press: ? - help, Dir - move target
As you read the scroll of blinking, it crumbles to dust.
You see here a scroll of blinking.
q - a scroll of blinking The centaur warrior shoots an arrow.
The arrow hits you!!
You die...
Your body crumbles into a pile of gold.

#.....$.§.$.....
#...$.§§○..c...#
#.....°(§#....##
#.##o..§☼#.##.#
.o.##..○)§#.# ..
.....##.$§§...#
c
.....##.....###
#...
#.....###...
#...@.'.....
#$....#.....
###.....#.#.
#.##### # #. ∆..
.. ∆ ...


You could see a centaur warrior and an orc.

Vanquished Creatures
  A centaur warrior (D:8)
  A cyclops (D:8)
  2 cane toads (Lair:1)
  2 trolls (D:9)
  Prince Ribbit (D:5)
  Sigmund (D:2)
  6 yaks
  A steam dragon (D:8)
  Menkaure (D:4)
  A warg (D:9)
  6 orc warriors
  4 ice beasts
  A black bear (D:7)
  2 centaurs
  2 wolves (D:9)
  2 ogres
  3 kobold brigands
  5 bullfrogs
  A gnoll sergeant (D:7)
  3 necrophages (D:6)
  3 wights (D:7)
  11 killer bees (D:9)
  3 howler monkeys
  4 electric eels (D:9)
  10 orc priests
  A jelly (D:7)
  2 gnoll boudas
  11 hounds
  4 iguanas
  4 orc wizards
  Natasha (D:2)
  Robin (D:2)
  6 gnolls
  6 adders
  2 shadow imps
  2 ufetubi
  A worm (D:4)
  3 dart slugs
  32 orcs
  6 ball pythons
  4 bats
  6 endoplasms
  7 hobgoblins
  10 jackals
  4 quokkas
  A frilled lizard (D:1)
  13 goblins
  15 kobolds
  2 rats
221 creatures vanquished.

Vanquished Creatures (collateral kills)
  A steam dragon (D:7)
  2 foxfires (D:5)
3 creatures vanquished.

Vanquished Creatures (others)
  219 foxfires
  3 fungi (Lair:1)
  13 plants
235 creatures vanquished.

Grand Total: 459 creatures vanquished

Notes
Turn   | Place    | Note
-------+----------+-------------------------------------------
     0 | D:1      | croobank the Gnoll Conjurer began the quest for the Orb.
     0 | D:1      | Reached XP level 1. HP: 13/13 MP: 6/6
   248 | D:1      | Reached XP level 2. HP: 20/20 MP: 3/7
   288 | D:1      | Learned a level 2 spell: Searing Ray
   964 | D:1      | Reached skill level 5 in Spellcasting
   964 | D:1      | Reached XP level 3. HP: 25/25 MP: 5/9
   968 | D:1      | Learned a level 3 spell: Dazzling Flash
  1237 | D:1      | Reached skill level 1 in Invocations
  1651 | D:2      | Noticed Sigmund
  1658 | D:2      | Killed Sigmund
  1659 | D:2      | Reached skill level 1 in Fighting
  1659 | D:2      | Reached skill level 1 in Short Blades
  1659 | D:2      | Reached skill level 1 in Long Blades
  1659 | D:2      | Reached skill level 1 in Axes
  1659 | D:2      | Reached skill level 1 in Maces & Flails
  1659 | D:2      | Reached skill level 1 in Polearms
  1659 | D:2      | Reached skill level 1 in Staves
  1659 | D:2      | Reached skill level 1 in Ranged Weapons
  1659 | D:2      | Reached skill level 1 in Throwing
  1659 | D:2      | Reached skill level 1 in Armour
  1659 | D:2      | Reached skill level 1 in Shields
  1659 | D:2      | Reached skill level 1 in Unarmed Combat
  1659 | D:2      | Reached skill level 1 in Hexes
  1659 | D:2      | Reached skill level 1 in Summonings
  1659 | D:2      | Reached skill level 1 in Necromancy
  1659 | D:2      | Reached skill level 1 in Translocations
  1659 | D:2      | Reached skill level 1 in Transmutations
  1659 | D:2      | Reached skill level 1 in Fire Magic
  1659 | D:2      | Reached skill level 1 in Ice Magic
  1659 | D:2      | Reached skill level 1 in Air Magic
  1659 | D:2      | Reached skill level 1 in Earth Magic
  1659 | D:2      | Reached skill level 1 in Poison Magic
  1659 | D:2      | Reached skill level 1 in Evocations
  1659 | D:2      | Reached XP level 4. HP: 24/33 MP: 4/11
  1659 | D:2      | Reached XP level 5. HP: 28/38 MP: 4/12
  1744 | D:2      | Found a faded altar of an unknown god.
  2019 | D:2      | Noticed Robin
  2023 | D:2      | Killed Robin
  2024 | D:2      | Reached XP level 6. HP: 44/44 MP: 7/13
  2046 | D:2      | Noticed Natasha
  2052 | D:2      | Reached skill level 5 in Dodging
  2052 | D:2      | Killed Natasha
  4166 | D:4      | Noticed Menkaure
  4170 | D:4      | Killed Menkaure
  4171 | D:4      | Reached XP level 7. HP: 39/51 MP: 11/15
  4412 | D:4      | Identified the +1 robe of Jotzasiu {Rampage rN+ Str+4
                  | Dex+2}
  4512 | D:4      | Learned a level 1 spell: Foxfire
  4516 | D:4      | Learned a level 3 spell: Mephitic Cloud
  4595 | D:4      | Found a sacrificial altar of Ru.
  4596 | D:4      | Found a shimmering altar of Xom.
  4599 | D:4      | Found a burning altar of Makhleb.
  4599 | D:4      | Found a stormy altar of Qazlal.
  4599 | D:4      | Found a hazy altar of Hepliaklqana.
  4602 | D:4      | Found an opulent altar of Gozag.
  4602 | D:4      | Found an iron altar of Okawaru.
  4603 | D:4      | Found a shadowy altar of Dithmenos.
  4622 | D:4      | Reached skill level 5 in Stealth
  4724 | D:4      | Became a worshipper of Gozag Ym Sagoz the Greedy
  5197 | D:5      | Entered Level 5 of the Dungeon
  5291 | D:5      | Reached skill level 6 in Dodging
  5484 | D:5      | Noticed Prince Ribbit
  5493 | D:5      | Killed Prince Ribbit
  5494 | D:5      | Reached XP level 8. HP: 54/58 MP: 5/17
  6225 | D:6      | Noticed Smoke131's ghost (novice OgGl)
  6225 | D:6      | Found a runed translucent door.
  6956 | D:5      | Reached skill level 7 in Dodging
  7066 | D:6      | Reached XP level 9. HP: 65/65 MP: 8/18
  7623 | D:6      | Found a staircase to the Ecumenical Temple.
  7978 | D:6      | Reached skill level 5 in Invocations
  8253 | D:7      | Reached skill level 8 in Dodging
  9275 | D:7      | Reached skill level 5 in Fighting
  9275 | D:7      | Reached skill level 5 in Short Blades
  9275 | D:7      | Reached skill level 5 in Long Blades
  9275 | D:7      | Reached skill level 5 in Axes
  9275 | D:7      | Reached skill level 5 in Maces & Flails
  9275 | D:7      | Reached skill level 5 in Polearms
  9275 | D:7      | Reached skill level 5 in Staves
  9275 | D:7      | Reached skill level 5 in Ranged Weapons
  9275 | D:7      | Reached skill level 5 in Throwing
  9275 | D:7      | Reached skill level 5 in Armour
  9275 | D:7      | Reached skill level 5 in Shields
  9275 | D:7      | Reached skill level 5 in Unarmed Combat
  9275 | D:7      | Reached skill level 5 in Evocations
  9275 | D:7      | Reached XP level 10. HP: 74/74 MP: 15/20
 10005 | D:8      | Learned a level 4 spell: Iskenderun's Mystic Blast
 10010 | D:8      | Learned a level 4 spell: Flame Wave
 10026 | D:8      | Noticed a kobold demonologist
 10039 | D:8      | Noticed a boulder beetle
 10126 | D:9      | Found a staircase to the Orcish Mines.
 10958 | D:9      | Identified the +5 sling of the Fifty Hosts {speed, rF-
                  | Str+4}
 10983 | D:9      | Reached skill level 9 in Dodging
 11204 | D:9      | Found a staircase to the Lair.
 11505 | Lair:1   | Entered Level 1 of the Lair of Beasts
 11505 | Lair:1   | Noticed a cane toad
 11515 | Lair:1   | Killed a cane toad
 11699 | Lair:1   | Noticed a cane toad
 11710 | Lair:1   | Killed a cane toad
 11994 | D:9      | Reached skill level 5 in Hexes
 11994 | D:9      | Reached skill level 5 in Summonings
 11994 | D:9      | Reached skill level 5 in Necromancy
 11994 | D:9      | Reached skill level 5 in Translocations
 11994 | D:9      | Reached skill level 5 in Transmutations
 11994 | D:9      | Reached skill level 5 in Fire Magic
 11994 | D:9      | Reached skill level 5 in Ice Magic
 11994 | D:9      | Reached skill level 5 in Air Magic
 11994 | D:9      | Reached skill level 5 in Earth Magic
 11994 | D:9      | Reached skill level 5 in Poison Magic
 11994 | D:9      | Reached XP level 11. HP: 33/81 MP: 13/22
 12784 | D:8      | Noticed a cyclops
 12791 | D:8      | Noticed a centaur warrior
 12796 | D:8      | Killed a cyclops
 12797 | D:8      | HP: 2/81 [centaur warrior/arrow (19)]
 12798 | D:8      | Killed a centaur warrior
 12799 | D:8      | Reached skill level 10 in Dodging
 12804 | D:8      | Noticed a centaur warrior
 12807 | D:8      | Shot with an arrow by a centaur warrior

Illustrated notes

Levels and vault maps discovered:
D:1:      dpeg_arrival_connections, layout_basic, hex_large
D:2:      layout_basic, hellmonk_ecumenical_altar_zigzags, uniq_natasha,
          uniq_robin, uniq_sigmund
D:3:      layout_basic
D:4:      layout_basic, grunt_temple_overflow_open, minmay_puff, uniq_menkaure
D:5:      wad_lake_hut, layout_loops_ring, uniq_prince_ribbit1
D:6:      layout_cave_pools, minmay_temple_entry_statues, ebering_ghost_sewer_d,
          minmay_joined_circles
D:7:      layout_basic, st_stairs_4, grunt_ministairs_12, serial_park_tiny_pond
D:8:      minmay_cut_squares, layout_basic, uniq_psyche
D:9:      layout_roguey, erik_lair_island, david_orc_1_choice, serial_shops,
          shop
Lair:1:   layout_regular_city, gammafunk_ghost_grave

Skill      XL: |  1  2  3  4  5  6  7  8  9 10 11 |
---------------+----------------------------------+-----
Spellcasting   | 5 6 7 8 |  8.2
Invocations    | 1 2 3 4 5 6 7 |  7.0
Fighting       | 1 2 3 5 6 |  6.3
Short Blades   | 1 2 3 5 6 |  6.3
Long Blades    | 1 2 3 5 6 |  6.3
Axes           | 1 2 3 5 6 |  6.3
Maces & Flails | 1 2 3 5 6 |  6.3
Polearms       | 1 2 3 5 6 |  6.3
Staves         | 1 2 3 5 6 |  6.3
Ranged Weapons | 1 2 3 5 6 |  6.3
Throwing       | 1 2 3 5 6 |  6.3
Armour         | 1 2 3 5 6 |  6.3
Shields        | 1 2 3 5 6 |  6.3
Unarmed Combat | 1 2 3 5 6 |  6.3
Hexes          | 1 2 3 4 5 |  5.2
Summonings     | 1 2 3 4 5 |  5.2
Necromancy     | 1 2 3 4 5 |  5.2
Translocations | 1 2 3 4 5 |  5.2
Transmutations | 1 2 3 4 5 |  5.2
Fire Magic     | 1 2 3 4 5 |  5.2
Ice Magic      | 1 2 3 4 5 |  5.2
Air Magic      | 1 2 3 4 5 |  5.2
Earth Magic    | 1 2 3 4 5 |  5.2
Poison Magic   | 1 2 3 4 5 |  5.2
Evocations     | 1 2 3 5 6 |  6.3
Dodging        | 5 6 7 8 9 10 | 10.1
Stealth        | 5 6 7 |  7.7
Conjurations   | 8 9 |  9.0

Action                   |  1- 3 |  4- 6 |  7- 9 | 10-12 || total
-------------------------+-------+-------+-------+-------++-------
Melee: Dagger            |    18 |    26 |    81 |    49 ||   174
       Bite              |     2 |       |    15 |    10 ||    27
       Short sword       |       |       |       |    64 ||    64
 Fire: Sling             |       |       |       |    17 ||    17
Throw: Throwing net      |       |       |       |     1 ||     1
 Cast: Magic Dart        |    20 |    18 |    24 |     5 ||    67
       Searing Ray       |    11 |    22 |    55 |    17 ||   105
       Foxfire           |       |       |    28 |   101 ||   129
       Dazzling Flash    |       |       |     9 |    12 ||    21
       Iskenderun's Myst |       |       |       |     9 ||     9
       Mephitic Cloud    |       |       |       |     1 ||     1
  Use: Scroll            |       |     5 |    12 |     6 ||    23
       Potion            |       |       |       |     3 ||     3
 Stab: Sleeping          |     4 |     2 |    10 |     3 ||    19
       Distracted        |       |     1 |       |       ||     1
       Invisible         |       |       |     7 |    11 ||    18
Armor: Robe              |     1 |     3 |    23 |    20 ||    47
       Leather armour    |       |     2 |     1 |       ||     3
Dodge: Dodged            |    11 |    19 |   103 |   127 ||   260
Block: Buckler           |       |       |    26 |    65 ||    91
